 Dungeon Crawl Stone Soup version 0.22.1-2-g9c5b331 (webtiles) character file.

533 eccles the Chopper (level 7, -6/61 HPs)
             Began as a Minotaur Berserker on Nov 28, 2018.
             Was a Priest of Trog.
             Mangled by an ogre
             ... wielding a +0 giant club
              (11 damage)
             ... on level 4 of the Dungeon on Dec 12, 2018.
             The game lasted 00:16:53 (3238 turns).

eccles the Chopper (Minotaur Berserker)             Turns: 3238, Time: 00:16:53

Health: -6/61      AC:  8    Str: 22    XL:     7   Next: 4%
Magic:  6/6        EV: 11    Int:  4    God:    Trog [***...]
Gold:   100        SH:  0    Dex: 11    Spells: 6/6 levels left

rFire    + . .     SeeInvis .   a - +0 hand axe
rCold    . . .     Gourm    .   (no shield)
rNeg     . . .     Faith    .   y - +1 scale mail {rF+}
rPois    .         Spirit   .   (helmet restricted)
rElec    .         Reflect  .   (no cloak)
rCorr    .         Harm     .   (no gloves)
MR       .....                  (no boots)
Stlth    ..........             p - amulet of magic regeneration
HPRegen  0.20/turn              (no ring)
MPRegen  0.35/turn              (no ring)

@: berserk cooldown, slowed, very slow
A: retaliatory headbutt, horns 2
a: Berserk, Trog's Hand, Renounce Religion


You were on level 4 of the Dungeon.
You worshipped Trog.
Trog was most pleased with you.
You were not hungry.

You visited 1 branch of the dungeon, and saw 4 of its levels.

You collected 100 gold pieces.

Inventory:

Hand Weapons
 a - a +0 hand axe (weapon)
Armour
 b - a +0 animal skin
 d - a +0 leather armour
 k - a +0 ring mail
 v - a +0 chain mail
 y - a +1 scale mail of fire resistance (worn)
Jewellery
 p - an amulet of magic regeneration (around neck)
Scrolls
 e - a scroll of magic mapping {unknown}
 g - a scroll of remove curse
 h - a scroll of identify {unknown}
 j - a scroll of amnesia {unknown}
 m - a scroll of teleportation {unknown}
 o - a scroll of blinking {unknown}
 r - a scroll of enchant weapon {unknown}
 t - a scroll of enchant armour {unknown}
 w - a scroll of fear {unknown}
Potions
 f - 2 potions of heal wounds {unknown}
 i - 3 potions of curing {unknown}
 n - a potion of flight {unknown}
 q - a potion of lignification {unknown}
 s - a potion of might {unknown}
 u - a potion of degeneration {unknown}
 x - a potion of haste {unknown}
 z - a potion of mutation {unknown}
Comestibles
 c - 4 rations


   Skills:
 + Level 5.1 Fighting
 + Level 6.3 Axes
 + Level 5.4 Armour
 + Level 3.8 Dodging
 + Level 1.0 Stealth


You had 6 spell levels left.
You didn't know any spells.
Your spell library was empty.

Dungeon Overview and Level Annotations

Branches:
Dungeon (4/15)
 Temple: D:4-7

Altars:
Gozag


Innate Abilities, Weirdness & Mutations

You reflexively headbutt those who attack you in melee.
You have a pair of horns on your head.


Message History

Okay, then.
You eat one of the 5 rations.
That ration really hit the spot!
You slash the ogre!
The ogre is moderately wounded.
The ogre hits you but does no damage.
You barely miss the ogre.
The ogre is moderately wounded.
The ogre barely misses you.
You hit the ogre. Your headbutt misses the ogre.
The ogre is moderately wounded.
The ogre hits you but does no damage.
You completely miss the ogre.
The ogre is moderately wounded.
The ogre hits you with a giant club!!
* * * LOW HITPOINT WARNING * * *
You hit the ogre.
The ogre is heavily wounded.
The ogre closely misses you. The ogre hits you with a giant club!
You die...

..##########
##..........
###.....)...#
............#
#.........#
#†### #)..#
#....)#O###
#.....#.@<#
#.....###.#
#?....# #.#
#.....# #..
.O.$...# ####
.......#


You could see an ogre.

Vanquished Creatures
  Purgy (D:3)
  The ghost of smtktc the Covered, a weakling HOFi (D:3)
  A crimson imp (D:3)
  A hound (D:3)
  2 orc priests (D:4)
  2 orc wizards (D:4)
  Terence (D:3)
  11 adders
  2 worms
  4 dart slugs
  4 leopard geckos
  12 orcs
  6 bats
  A giant cockroach (D:3)
  8 goblins
  3 hobgoblins
  4 jackals (D:3)
  6 kobolds
  3 quokkas (D:3)
  7 frilled lizards
  8 rats
88 creatures vanquished.

Notes
Turn   | Place    | Note
-------+----------+-------------------------------------------
     0 | D:1      | eccles the Minotaur Berserker began the quest for the Orb.
     0 | D:1      | Reached XP level 1. HP: 19/19 MP: 0/0
   201 | D:1      | Reached XP level 2. HP: 27/27 MP: 1/1
   784 | D:1      | Reached skill level 4 in Axes
  1013 | D:2      | Reached XP level 3. HP: 29/33 MP: 2/2
  1195 | D:2      | Found an opulent altar of Gozag.
  1211 | D:2      | Reached ** piety under Trog
  1292 | D:2      | Reached XP level 4. HP: 31/41 MP: 3/3
  2057 | D:3      | Noticed Purgy
  2077 | D:3      | Killed Purgy
  2077 | D:3      | Reached skill level 5 in Axes
  2077 | D:3      | Reached XP level 5. HP: 18/47 MP: 4/4
  2389 | D:3      | Found a runed gate.
  2390 | D:3      | Found a runed gate.
  2391 | D:3      | Found a runed gate.
  2393 | D:3      | Noticed smtktc's ghost (weakling HOFi)
  2402 | D:3      | Reached XP level 6. HP: 55/55 MP: 5/5
  2407 | D:3      | Killed smtktc's ghost
  2518 | D:3      | Noticed Terence
  2531 | D:3      | Killed Terence
  2531 | D:3      | Reached *** piety under Trog
  2795 | D:3      | Reached skill level 5 in Fighting
  2795 | D:3      | Reached skill level 5 in Armour
  3210 | D:4      | Reached skill level 6 in Axes
  3210 | D:4      | Reached skill level 1 in Stealth
  3223 | D:4      | Reached XP level 7. HP: 44/61 MP: 6/6
  3238 | D:4      | Mangled by an ogre

Skill      XL: |  1  2  3  4  5  6 |
---------------+-------------------+-----
Fighting       | 4 5 |  5.1
Axes           | 4 5 6 |  6.3
Armour         | 3 4 5 |  5.4
Dodging        | 3 |  3.8
Stealth        | 1 |  1.0

Action                   |  1- 3 |  4- 6 |  7- 9 || total
-------------------------+-------+-------+-------++-------
Melee: Hand axe          |    75 |   133 |     7 ||   215
       Headbutt          |     8 |    21 |       ||    29
Invok: Berserk           |       |     3 |       ||     3
  Use: Scroll            |       |     1 |       ||     1
  Eat: Chunk             |     1 |     8 |       ||     9
       Ration            |       |       |     1 ||     1
Armor: Leather armour    |    11 |       |       ||    11
       Ring mail         |    19 |    28 |       ||    47
       Chain mail        |       |    21 |       ||    21
       Scale mail        |       |    20 |     2 ||    22
Dodge: Dodged            |    61 |    77 |     3 ||   141
